 Dungeon Crawl Stone Soup version 0.21.1-1-g345015f (webtiles) character file.

91 iamserjio the Ducker (level 4, -5/33 HPs)
             Began as an Octopode Monk on Apr 8, 2018.
             Was a Believer of Dithmenos.
             Shot with an arrow by a centaur (15 damage)
             ... on level 3 of the Dungeon.
             The game lasted 00:04:48 (2234 turns).

iamserjio the Ducker (Octopode Monk)                Turns: 2234, Time: 00:04:48

Health: -5/33      AC:  1    Str: 10    XL:     4   Next: 57%
Magic:  4/4        EV: 15    Int: 12    God:    Dithmenos [**....]
Gold:   83         SH:  0    Dex: 15    Spells: 3/3 levels left

rFire    . . .     SeeInvis .   n - +0 dagger
rCold    . . .     Gourm    .   (no shield)
rNeg     . . .     Faith    .   (helmet restricted)
rPois    .         Spirit   .   (no amulet)
rElec    .         Reflect  .   (no ring)
rCorr    .         Harm     .   (no ring)
MR       .....                  (no ring)
Stlth    ++++......             (no ring)
HPRegen  0.11/turn              (no ring)
MPRegen  0.09/turn              (no ring)
                                (no ring)
                                (no ring)

@: wreathed by umbra
A: almost no armour, stealthy swim, amphibious, 8 rings, constrict 8, camouflage
1, gelatinous body 1
a: Shadow Step, Renounce Religion


You were on level 3 of the Dungeon.
You worshipped Dithmenos.
Dithmenos was pleased with you.
You were not hungry.

You visited 1 branch of the dungeon, and saw 3 of its levels.

You collected 83 gold pieces.

Inventory:

Hand Weapons
 a - a +0 short sword
 n - a +0 dagger (weapon)
Jewellery
 g - a +2 ring of protection {unknown}
 j - an uncursed ring of wizardry {unknown}
Scrolls
 e - a scroll of fear {unknown}
 f - 3 scrolls of teleportation {unknown}
 h - 2 scrolls of remove curse {unknown}
 l - a scroll of fog {unknown}
 m - a scroll of amnesia {unknown}
 o - a scroll of noise {unknown}
Potions
 c - 2 potions of haste {unknown}
 d - a potion of brilliance {unknown}
 i - a potion of magic {unknown}
 k - a potion of curing {unknown}
Books
 p - a book of Minor Magic

   Spells                             Type                      Level
   a - Magic Dart                     Conjuration                  1
   b - Blink                          Translocation                2
   c - Call Imp                       Summoning                    2
   d - Slow                           Hexes                        2
   e - Conjure Flame                  Conjuration/Fire             3
   f - Mephitic Cloud                 Conjuration/Poison/Air       3
Comestibles
 b - 11 rations
 q - 9 chunks of flesh


   Skills:
 * Level 3.9 Fighting
 - Level 3.0 Short Blades
 * Level 4.0 Dodging
 + Level 3.8 Stealth


You had 3 spell levels left.
You didn't know any spells.

Dungeon Overview and Level Annotations

Branches:
Dungeon (3/15)

Altars:
Dithmenos


Innate Abilities, Weirdness & Mutations

You cannot wear most types of armour.
You are very stealthy in the water. (Stealth+)
You are amphibious.
You can wear up to eight rings at the same time.
You can use your tentacles to constrict eight enemies at once.
Your skin changes colour to match your surroundings (Stealth+).
Your rubbery body absorbs attacks. (AC +1, EV +1)


Message History

The orc priest invokes the aid of Beogh against you.
Beogh smites you!
You hit the orc but do no damage. You grab the orc. You constrict the orc.
The bat barely misses you. The bat completely misses you. The orc misses you.
A kobold comes into view. It is wielding a short sword.
You hit the orc but do no damage.
The orc is moderately wounded.
You constrict the orc. The bat misses you. The bat hits you.
The orc priest casts a cantrip, but nothing happens.
The orc closely misses you.
You hit the orc.
You kill the orc!
Dithmenos accepts your kill. The bat closely misses you.
The bat completely misses you. The bat misses you.
The orc priest invokes the aid of Beogh against you.
Beogh smites you!
The centaur wields a runed shortbow.
It bursts into flame!
The centaur shoots an arrow.
The arrow hits you!
You die...

#####..........# ##
######..............#
#......########..##.#
#.....## #.## .## #
#.....# #.# ...####
#.....## #. .###(....
#......## #. ........
#.......#####
#$#.#.#.#
#.....#..@.b#
......)..
#.(...#####.###..#.
#...# #######
#oc..........#).
#....o...#.#$..#.#
#..........?......
#...K....#..##...#
#.......o.....!...
#........#.#.#.#..
#.$..............#


You could see a centaur, an orc priest, an orc and a bat.

Vanquished Creatures
  An adder (D:2)
  A gnoll (D:1)
  2 dart slugs
  4 leopard geckos
  4 orcs (D:3)
  3 ball pythons
  9 bats
  3 giant cockroaches (D:3)
  7 hobgoblins
  9 kobolds
  A frilled lizard (D:2)
  9 goblins
  5 rats
58 creatures vanquished.

Notes
Turn   | Place    | Note
-------+----------+-------------------------------------------
     0 | D:1      | iamserjio the Octopode Monk began the quest for the Orb.
     0 | D:1      | Reached XP level 1. HP: 16/16 MP: 1/1
   164 | D:1      | Reached XP level 2. HP: 21/21 MP: 2/2
   354 | D:1      | Reached XP level 3. HP: 16/26 MP: 3/3
  1245 | D:2      | Reached XP level 4. HP: 29/33 MP: 4/4
  1827 | D:3      | Found a shadowy altar of Dithmenos.
  1837 | D:3      | Became a worshipper of Dithmenos the Shadowed
  1837 | D:3      | Reached * piety under Dithmenos
  1837 | D:3      | Reached ** piety under Dithmenos
  2142 | D:3      | Reached skill level 4 in Dodging
  2228 | D:3      | Noticed a centaur
  2234 | D:3      | Shot with an arrow by a centaur

Skill      XL: |  1  2  3  4 |
---------------+-------------+-----
Stealth        | 3 |  3.8
Dodging        | 4 |  4.0
Fighting       | |  3.9
Short Blades   | |  3.0

Action                   |  1- 3 |  4- 6 || total
-------------------------+-------+-------++-------
Melee: Short sword       |    62 |    28 ||    90
       Constrict         |    15 |    14 ||    29
       Tentacles         |     6 |    11 ||    17
       Dagger            |       |    25 ||    25
 Stab: Sleeping          |    11 |     4 ||    15
       Distracted        |     1 |       ||     1
  Eat: Chunk             |     1 |     3 ||     4
Armor: Skin              |     2 |     6 ||     8
Dodge: Dodged            |    41 |    62 ||   103
